 Dungeon Crawl Stone Soup version 0.30.0-5-g1a98f26d00 (webtiles) character file.

Game seed: 13277593707992767459

12290 Dordric the Basher (level 12, -5/88 (89) HPs)
             Began as a Formicid Fighter on May 12, 2023.
             Was a High Priest of Zin.
             Slain by a large slime creature (24 damage)
             ... on level 12 of the Dungeon.
             The game lasted 00:26:00 (12698 turns).

Dordric the Basher (Formicid Fighter)              Turns: 12698, Time: 00:26:01

HP:   -5/88 (89)    AC: 14    Str: 30    XL:     12   Next: 18%
MP:   19/20         EV:  7    Int: 12    God:    Zin [*****.]
Gold: 758           SH: 11    Dex: 17    Spells: 11/11 levels left

rFire   + . .        M - +5 morningstar (freeze)
rCold   + . .        c - +0 buckler
rNeg    . . .        J - +0 plate armour
rPois   ∞            (helmet unavailable)
rElec   .            g - scarf {rC+ rF+}
rCorr   .            G - +0 pair of gloves
SInv    +            (no boots)
Will    ++...        p - amulet of reflection Stlth
                     f - ring of willpower
HPRegen 0.34/turn    (no ring)
MPRegen 0.17/turn

%: reflection
@: vitalised, lightly drained
A: permanent stasis, dig shafts and tunnels, antennae 3, four strong arms
a: Dig, Shaft Self, Renounce Religion, Recite, Vitalisation, Imprison,
Sanctuary, Donate Gold


You were on level 12 of the Dungeon.
You worshipped Zin.
Zin was extremely pleased with you.
You visited 2 branches of the dungeon, and saw 13 of its levels.

You collected 842 gold pieces.
You donated 84 gold pieces to Zin.

Inventory:

Hand Weapons
 a - a +0 flail
 t - a +0 giant club
 w - a +0 hand axe
 D - a +0 morningstar
 I - a +0 arbalest
 M - a +5 morningstar of freezing (weapon)
Missiles
 O - 3 throwing nets
Armour
 b - a +0 scale mail
 c - a +0 buckler (worn)
 g - a scarf of resistance (worn)
 k - a +0 chain mail
 G - a +0 pair of gloves (worn)
 J - a +0 plate armour (worn)
Jewellery
 f - a ring of willpower (left hand)
 p - an amulet of reflection (around neck)
 y - a ring of fire
 Q - a ring of poison resistance
Wands
 u - a wand of paralysis (9)
 x - a wand of iceblast (8)
 B - a wand of light (3)
 E - a wand of flame (20)
 S - a wand of mindburst (9)
Scrolls
 e - 3 scrolls of noise
 h - 2 scrolls of torment
 l - 8 scrolls of teleportation
 o - 3 scrolls of enchant weapon
 r - 3 scrolls of magic mapping
 v - a scroll of enchant armour
 A - 2 scrolls of identify
 F - 3 scrolls of amnesia {unknown}
 H - 2 scrolls of blinking {unknown}
 L - 3 scrolls of fear
 N - 4 scrolls of poison {unknown}
 P - 3 scrolls of summoning {unknown}
 T - a scroll of silence {unknown}
Potions
 d - a potion of might
 i - 2 potions of mutation {unknown}
 j - 2 potions of berserk rage
 m - a potion of haste
 n - 3 potions of attraction {unknown}
 q - 5 potions of curing {unknown}
 s - 2 potions of degeneration {unknown}
 z - a potion of brilliance {unknown}
 C - 5 potions of heal wounds {unknown}
 K - a potion of lignification {unknown}
 R - 2 potions of magic {unknown}


   Skills:
 - Level 6.6 Fighting
 + Level 13.1 Maces & Flails
 - Level 6.6 Armour
 - Level 8.0 Shields
 - Level 11.8 Invocations


You had 11 spell levels left.
You didn't know any spells.
Your spell library contained the following spells:

 Spells                   Type           Power      Damage    Failure   Level
 Magic Dart               Conj           0%         1d3       97%         1
 Searing Ray              Conj           0%         2d4       99%         2
 Portal Projectile        Hex/Tloc       0%         N/A       100%        3
 Tukima's Dance           Hex            0%         N/A       100%        3
 Fulminant Prism          Conj/Hex       0%         3d5       100%        4
 Blade Hands              Tmut           0%         N/A       100%        5


Dungeon Overview and Level Annotations

Branches:
Dungeon (12/15)            Temple (1/1) D:4            Lair (0/5) D:8
    Orc (0/2) D:9

Altars:
Ashenzari
Cheibriados
Dithmenos
Elyvilon
Fedhas
Gozag
Kikubaaqudgha
Makhleb
Nemelex Xobeh
Okawaru
Qazlal
Ru
Sif Muna
Trog
Uskayaw
Vehumet
Wu Jian
Xom
Yredelemnul
Zin
The Shining One

Shops:
D:4 *   D:5 :   D:8 !   D:11 [

Annotations:
D:4 2 runed translucent doors, Crazy Yiuf; Monkooky's ghost, weakling BaDe


Innate Abilities, Weirdness & Mutations

You cannot be hasted, slowed, berserked, paralysed or teleported.
You can dig through walls and to a lower floor.
You have a pair of large antennae on your head. (SInv)
Your four strong arms can wield two-handed weapons with a shield.


Message History

The gargoyle hurls a stone arrow at you.
The stone arrow hits you!! Zin grants you divine stamina.
The gargoyle hurls a stone arrow at you.
You block stone arrow... and reflect it back!
The stone arrow hits the gargoyle.
You puncture the gargoyle! You freeze the gargoyle.
The gargoyle is heavily damaged.
You block the gargoyle's attack.
You hit the gargoyle. You freeze the gargoyle.
The gargoyle is almost destroyed.
The gargoyle hurls a stone arrow at you.
The stone arrow hits you!
You hit the gargoyle but do no damage.
The gargoyle is almost destroyed.
You puncture the gargoyle! You freeze the gargoyle.
You destroy the gargoyle!
Two slime creatures merge to form a large slime creature.
Your Maces & Flails skill increases to level 13!
You bludgeon the large slime creature!! You freeze the large slime creature!
The large slime creature is moderately wounded.
You bludgeon the large slime creature!! You freeze the large slime creature.
The large slime creature is heavily wounded.
You hit the large slime creature but do no damage.
The large slime creature is heavily wounded.
A large slime creature splits.
Two slime creatures merge to form a large slime creature.
You hit the large slime creature. You freeze the large slime creature.
The large slime creature is moderately wounded.
A wraith comes into view.
You puncture the large slime creature! You freeze the large slime creature.
The large slime creature is moderately wounded.
The slime creature hits you!
* * * LOW HITPOINT WARNING * * *
The large slime creature hits you.
* * * LOW HITPOINT WARNING * * *
The slime creature barely misses you.
The large slime creature attacks as you move away!
The large slime creature hits you!!
You die...

#####+
###......
###JW......
#.@J#......
#.### ...J.
+. .... ##
... ##


You could see a large slime creature, a slime creature and a wraith.

Vanquished Creatures
  Harold (D:9)
  A two-headed ogre (D:11)
  Pikel (D:8)
  A cyclops (D:11)
  Maurice (D:9)
  A gargoyle (D:12)
  3 komodo dragons (D:8)
  A kobold demonologist (D:10)
  A shadow (D:9)
  A vampire (D:10)
  5 yaks (D:10)
  3 wyverns (D:8)
  2 wraiths
  4 steam dragons
  8 vampire mosquitoes
  An acid dragon (D:9)
  A water moccasin (D:6)
  2 ice beasts
  7 orc warriors
  2 sky beasts
  4 black bears
  4 ogres
  A lemure (D:8)
  2 centaurs
  4 kobold brigands
  Blork the orc (D:4)
  2 bullfrogs (D:7)
  A gnoll sergeant (D:9)
  3 scorpions
  12 wights
  5 killer bees (D:9)
  An electric eel (D:9)
  5 howler monkeys
  4 hounds
  3 sleepcaps (D:6)
  2 jellies (D:6)
  9 orc priests
  Jessica (D:2)
  2 iguanas (D:6)
  19 orc wizards
  8 gnolls
  10 adders
  2 shadow imps
  A white imp (D:4)
  4 worms
  2 dart slugs
  48 orcs
  4 bats
  7 endoplasms
  2 giant cockroaches
  5 goblins
  7 hobgoblins
  2 jackals (D:5)
  4 quokkas
  7 ball pythons
  4 frilled lizards
  39 kobolds
  6 rats
294 creatures vanquished.

Vanquished Creatures (others)
  2 kobold brigands
  A goblin (D:4)
3 creatures vanquished.

Grand Total: 297 creatures vanquished

Notes
Turn   | Place    | Note
-------+----------+-------------------------------------------
     0 | D:1      | Dordric the Formicid Fighter began the quest for the Orb.
     0 | D:1      | Reached XP level 1. HP: 18/18 MP: 1/1
    85 | D:1      | Reached XP level 2. HP: 24/24 MP: 2/2
   251 | D:1      | Reached XP level 3. HP: 29/29 MP: 3/3
   854 | D:2      | Reached XP level 4. HP: 31/37 MP: 4/4
  1249 | D:2      | Noticed Jessica
  1257 | D:2      | Killed Jessica
  1258 | D:2      | Reached skill level 5 in Shields
  1412 | D:2      | Reached XP level 5. HP: 42/42 MP: 5/5
  1425 | D:2      | Reached skill level 3 in Maces & Flails
  1724 | D:3      | Found a faded altar of an unknown god.
  1832 | D:3      | Reached XP level 6. HP: 40/49 MP: 6/6
  2038 | D:4      | Noticed an ogre
  2044 | D:4      | Killed an ogre
  2137 | D:4      | Noticed an ogre
  2146 | D:4      | Killed an ogre
  2147 | D:4      | Reached XP level 7. HP: 8/55 MP: 7/7
  2160 | D:3      | HP: 2/55 [orc/+0 short sword (3)]
  2398 | D:4      | Found a staircase to the Ecumenical Temple.
  2415 | D:4      | Reached skill level 5 in Fighting
  2415 | D:4      | Reached skill level 4 in Maces & Flails
  2415 | D:4      | Reached skill level 5 in Armour
  2425 | Temple   | Entered the Ecumenical Temple
  2464 | Temple   | Became a worshipper of Zin the Law-Giver
  2464 | Temple   | Reached * piety under Zin
  2712 | D:4      | Found an opulent altar of Gozag.
  2961 | D:4      | Found Podaloapn's Mayhem Merchandise.
  3005 | D:4      | Found a runed translucent door.
  3006 | D:4      | Noticed Crazy Yiuf
  3055 | D:4      | Noticed Blork the orc
  3061 | D:4      | Killed Blork the orc
  3103 | D:4      | Found a runed translucent door.
  3106 | D:4      | Noticed Monkooky's ghost (weakling BaDe)
  3235 | D:5      | Entered Level 5 of the Dungeon
  3260 | D:5      | Reached skill level 1 in Invocations
  3424 | D:5      | Reached XP level 8. HP: 60/63 MP: 9/9
  3454 | D:5      | Reached ** piety under Zin
  4003 | D:5      | Found Cecakk Qyas's Tremendous Tomes.
  4034 | D:5      | Reached skill level 5 in Maces & Flails
  4224 | D:5      | Found a white marble altar of Elyvilon.
  4482 | D:6      | Found a basalt altar of Yredelemnul.
  4578 | D:6      | Found a bloodstained altar of Trog.
  4578 | D:6      | Found a sacrificial altar of Ru.
  4623 | D:6      | Reached XP level 9. HP: 19/69 MP: 11/11
  4713 | D:6      | Reached *** piety under Zin
  5646 | D:7      | Reached skill level 6 in Maces & Flails
  5646 | D:7      | Reached skill level 5 in Invocations
  6181 | D:7      | You fall into a shaft and drop 2 floors!
  6261 | D:9      | Reached skill level 7 in Maces & Flails
  6502 | D:9      | Reached XP level 10. HP: 77/77 MP: 15/15
  6569 | D:9      | Reached **** piety under Zin
  7155 | D:9      | Found an iron altar of Okawaru.
  7170 | D:9      | Reached skill level 8 in Maces & Flails
  7201 | D:9      | Noticed Harold
  7224 | D:9      | Killed Harold
  7764 | D:8      | Reached skill level 9 in Maces & Flails
  8122 | D:8      | Noticed Maurice
  8655 | D:9      | Killed Maurice
  8656 | D:9      | Reached skill level 10 in Invocations
  8656 | D:9      | Reached XP level 11. HP: 65/83 MP: 18/18
  8745 | D:8      | Found a hide-covered altar of Uskayaw.
  9028 | D:7      | Found a broken altar of Ashenzari.
  9158 | D:8      | Noticed Pikel
  9170 | D:8      | Killed Pikel
  9284 | D:8      | Reached skill level 10 in Maces & Flails
  9348 | D:8      | Found Seedew's Distillery.
  9554 | D:8      | Found a staircase to the Lair.
  9927 | D:9      | Reached ***** piety under Zin
 10040 | D:9      | Found a staircase to the Orcish Mines.
 10303 | D:10     | Entered Level 10 of the Dungeon
 10424 | D:10     | Found a shimmering altar of Xom.
 10462 | D:10     | Reached skill level 11 in Maces & Flails
 11708 | D:11     | Reached skill level 12 in Maces & Flails
 11752 | D:11     | Noticed a two-headed ogre
 11985 | D:11     | Killed a two-headed ogre
 11986 | D:11     | Reached XP level 12. HP: 89/89 MP: 20/20
 12313 | D:11     | Found Vewid's Antique Armour Boutique.
 12692 | D:12     | Reached skill level 13 in Maces & Flails
 12698 | D:12     | Slain by a large slime creature

Illustrated notes

Levels and vault maps discovered:
D:1:      dpeg_arrival_erosion, layout_basic, supply_closet_lemuel,
          minmay_tiny_reverse_x
D:2:      layout_loops_ring, uniq_jessica
D:3:      layout_rooms, shapermc_ecumenical_altar_petra
D:4:      layout_cave_pools, mainiacjoe_overflow_alcove_1,
          minmay_temple_entry_mist, ebering_ghost_sewer_d, minmay_shop_mayhem,
          uniq_crazy_yiuf_cottage, uniq_blork_the_orc
D:5:      layout_rooms, lemuel_crystal_altar, nicolae_shop_i_like_big_books,
          minivault_26
D:6:      layout_rooms, mainiacjoe_overflow_surrounded_room,
          jmf_multi_god_temple, roderic_st_hans_cross
D:7:      layout_cave_pools, general_overflow_altar
D:8:      layout_rooms, nicolae_uskayaw_murder_on_the_dancefloor,
          erik_lair_dragon, serial_shops, shop_coins, uniq_pikel, uniq_maurice
D:9:      layout_basic, mainiacjoe_overflow_cross_hatched, orc_0_dummy,
          nicolae_water_bricks, serial_bayou_lagoon_a, st_stairs_6, uniq_harold
D:10:     layout_roguey, mainiacjoe_overflow_boulevard, enter_bailey_8,
          minmay_orc_keep
D:11:     layout_rooms, serial_shops, shop, serial_rivers,
          chequers_serial_rivers_room_b, chequers_serial_rivers_micro_b,
          chequers_serial_rivers_room_b, chequers_serial_rivers_micro_d,
          chequers_serial_rivers_micro_b
D:12:     layout_roguey, portal_ice_cave_rime
Temple:   cyrus_circular_temple

Skill      XL: |  1  2  3  4  5  6  7  8  9 10 11 12 |
---------------+-------------------------------------+-----
Fighting       | 4 5 6 |  6.6
Armour         | 4 5 6 |  6.6
Shields        | 5 6 7 8 |  8.0
Maces & Flails | 3 4 5 7 9 12 13 | 13.1
Invocations    | 1 3 6 10 11 | 11.8

Action                     |  1- 3 |  4- 6 |  7- 9 | 10-12 || total
---------------------------+-------+-------+-------+-------++-------
  Melee: Flail             |    84 |    18 |    64 |       ||   166
         Trident           |       |   134 |    23 |       ||   157
         Giant club        |       |     5 |     4 |       ||     9
         Morningstar       |       |       |   304 |   406 ||   710
   Fire: Arbalest          |       |       |     2 |    57 ||    59
 Invoke: Recite            |       |       |     2 |     5 ||     7
         Vitalisation      |       |       |       |     5 ||     5
Ability: Dig               |       |     3 |     1 |     1 ||     5
  Evoke: Wand              |       |       |       |     1 ||     1
    Use: Scroll            |       |     3 |       |     5 ||     8
         Potion            |       |     1 |     1 |       ||     2
   Stab: Confused          |       |       |     1 |     1 ||     2
 Armour: Scale mail        |    27 |       |       |       ||    27
         Chain mail        |    22 |    85 |   142 |       ||   249
         Plate armour      |       |       |    46 |   177 ||   223
  Dodge: Dodged            |    33 |    70 |   142 |   106 ||   351
  Block: Buckler           |    16 |    38 |   246 |   249 ||   549
         Reflection        |       |       |    13 |    19 ||    32
